 Dungeon Crawl Stone Soup version 0.31.0-11-ge490571c62 (webtiles) character file.

Game seed: 6145699722686618632

72 qw the Shooter (level 4, -2/25 HPs)
             Began as a Deep Elf Hunter on Feb 5, 2024.
             Was an Initiate of Okawaru.
             Slain by a goblin
             ... wielding a +0 club
             ... led by Robin
              (4 damage)
             ... on level 3 of the Dungeon.
             The game lasted 00:00:29 (886 turns).

qw the Shooter (Deep Elf Hunter)                     Turns: 886, Time: 00:00:30

Health: -2/25      AC:  3    Str: 10    XL:     4   Next: 6%
Magic:  6/6        EV: 12    Int: 14    God:    Okawaru [......]
Gold:   34         SH:  0    Dex: 18    Spells: 3/3 levels left

rFire   . . .        a - +0 shortbow
rCold   . . .        (shield currently unavailable)
rNeg    . . .        c - +0 leather armour
rPois   .            (no helmet)
rElec   .            (no cloak)
rCorr   .            (no gloves)
SInv    .            (no boots)
Will    .....        (no amulet)
Stlth   ++           (no ring)
HPRegen 0.24/turn    (no ring)
MPRegen 0.10/turn

%: no passive effects
@: no status effects
A: no striking features
a: Renounce Religion


You were on level 3 of the Dungeon.
You worshipped Okawaru.
Okawaru was noncommittal.
You visited 1 branch of the dungeon, and saw 3 of its levels.

You collected 89 gold pieces.
You spent 55 gold pieces at shops.


   Skills:
 - Level 1.5 Fighting
 + Level 7.5 Ranged Weapons
 - Level 2.4 Dodging
 - Level 1.2 Stealth


You had 3 spell levels left.
You didn't know any spells.
Your spell library was empty.

Inventory:

Hand Weapons
 a - a +0 shortbow (weapon)
Armour
 c - a +0 leather armour (worn)
Scrolls
 j - a scroll of teleportation {unknown}
 k - a scroll of amnesia {unknown}
Potions
 b - a potion of haste
 d - a potion of degeneration {unknown}
 e - a potion of resistance
 f - 2 potions of curing
 g - a potion of berserk rage {unknown}
 h - a potion of ambrosia {unknown}
 i - a potion of invisibility {unknown}

Dungeon Overview and Level Annotations

Branches:
Dungeon (3/15)

Altars:
Okawaru

Shops:
D:2 *

Annotations:
D:3 Robin


Message History

Okawaru accepts your kill.
A goblin comes into view. It is wielding a +0 club.
Robin throws the goblin at you!
A goblin comes into view. It is wielding a +0 dagger.
The hobgoblin barely misses you. The goblin hits you with a +0 club.
You shoot an arrow.
The arrow hits the hobgoblin but does no damage.
Robin throws the goblin at you! The goblin closely misses you.
The hobgoblin completely misses you. The goblin hits you with a +0 club.
You shoot an arrow. The arrow hits the goblin.
You kill the goblin!
Okawaru accepts your kill. Robin throws the goblin at you!
The hobgoblin hits you but does no damage.
The goblin closely misses you. x2
A goblin comes into view. It is wielding a +0 club.
The goblin barely misses you.
You shoot an arrow. The arrow closely misses the hobgoblin.
The arrow barely misses the goblin.
The goblin shouts!
The hobgoblin closely misses you. The goblin closely misses you.
The goblin barely misses you. x2
You shoot an arrow. The arrow hits the goblin!
You kill the goblin!
Okawaru accepts your kill. The goblin hits you with a +0 dagger.
The goblin hits you but does no damage.
The hobgoblin hits you but does no damage.
The goblin hits you with a +0 club.
You shoot an arrow. The arrow hits the hobgoblin.
You kill the hobgoblin!
Okawaru accepts your kill.
The goblin closely misses you. x2; The goblin hits you with a +0 club.
You shoot an arrow. The arrow closely misses the goblin.
The goblin hits you with a +0 club. Robin throws the goblin at you!
The goblin hits you with a +0 club. The goblin misses you.
The goblin hits you but does no damage.
You shoot an arrow. The arrow closely misses the goblin.
The goblin hits you with a +0 dagger. The goblin barely misses you. x2
The goblin hits you with a +0 club.
You die...

.........<......#
.#####.#####.##.#..
#<..#....#.#.#
#.#..#.###.#.#
#%#......#.#.# #
#.#....#.#.#.# ).[
#.#.>..#.#.#.##%)..
..#........#).g.#
##.......##@g)#
#..........ggg##
#...........#.#
...............#
#......>........
#...........#....
..........#.....
..... ....


You could see Robin and 4 goblins.

Vanquished Creatures
  A gnoll (D:1)
  3 dart slugs
  2 ribbon worms (D:2)
  4 ball pythons
  2 bats (D:2)
  6 endoplasms
  11 goblins
  8 hobgoblins
  5 kobolds
  A frilled lizard (D:2)
  2 rats (D:1)
45 creatures vanquished.

Notes
Turn   | Place    | Note
-------+----------+-------------------------------------------
     0 | D:1      | qw the Deep Elf Hunter began the quest for the Orb.
     0 | D:1      | Reached XP level 1. HP: 12/12 MP: 3/3
     0 | D:1      | 0 ||| qw: Version: 0.3-a-160-g6735b56
     0 | D:1      | 0 ||| qw: Game counter: 6477
     0 | D:1      | 0 ||| qw: Melee chars always use a shield: true
     0 | D:1      | 0 ||| qw: God list: Okawaru
     0 | D:1      | 0 ||| qw: Allow faded altars: false
     0 | D:1      | 0 ||| qw: Do Orc after clearing Dungeon:15 true
     0 | D:1      | 0 ||| qw: Do second Lair branch before Depths: true
     0 | D:1      | 0 ||| qw: Lair rune preference: random
     0 | D:1      | 0 ||| qw: Goals: Normal
     0 | D:1      | 0 ||| PLANNING D:1-11
    67 | D:1      | Reached skill level 6 in Ranged Weapons
    67 | D:1      | Reached XP level 2. HP: 16/16 MP: 4/4
   266 | D:1      | Reached XP level 3. HP: 20/20 MP: 5/5
   433 | D:1      | 433 ||| DROPPING +6 ring of intelligence.
   434 | D:1      | 434 ||| READING scroll labelled LORACK LOFABU.
   435 | D:1      | 435 ||| DRINKING 2 puce potions.
   436 | D:1      | 436 ||| DROPPING scroll of butterflies.
   495 | D:2      | Found a faded altar of an unknown god.
   564 | D:2      | Reached skill level 7 in Ranged Weapons
   776 | D:2      | Found Cim Tab's General Store.
   784 | D:2      | 784 ||| BUYING potion of curing (33 gold).
   784 | D:2      | Bought a potion of curing for 33 gold pieces
   784 | D:2      | 784 ||| BUYING scroll of identify (22 gold).
   784 | D:2      | Bought a scroll of identify for 22 gold pieces
   818 | D:2      | 818 ||| READING scroll of identify.
   818 | D:2      | 818 ||| IDENTIFYING lumpy inky potion
   819 | D:2      | 819 ||| READING scroll labelled BACUAWNA VEM.
   819 | D:2      | 819 ||| ENCHANTING +0 shortbow.
   844 | D:3      | Found an iron altar of Okawaru.
   845 | D:3      | 845 ||| PLANNING OKAWARU WORSHIP
   853 | D:3      | Became a worshipper of Warmaster Okawaru
   854 | D:3      | 854 ||| PLANNING D:1-11
   875 | D:3      | Noticed Robin
   879 | D:3      | Reached XP level 4. HP: 25/25 MP: 6/6
   885 | D:3      | HP: 5/25 [goblin/+0 club[Robin] (3)]
   886 | D:3      | HP: 2/25 [goblin/+0 dagger[Robin] (4)]
   886 | D:3      | Slain by a goblin

Levels and vault maps discovered:
D:1:      kennysheep_arrival_forest, layout_rooms
D:2:      layout_rooms, basic_ecumenical_altar, serial_shops, shop
D:3:      layout_basic, mainiacjoe_overflow_surrounded_room,
          mainiacjoe_overflow_alcove_1, nicolae_hexahallways, uniq_robin,
          uniq_jessica

Skill      XL: |  1  2  3 |
---------------+----------+-----
Ranged Weapons | 6 7 |  7.5
Fighting       | |  1.5
Dodging        | |  2.4
Stealth        | |  1.2

Action                     |  1- 3 |  4- 6 || total
---------------------------+-------+-------++-------
   Fire: Shortbow          |   119 |     8 ||   127
    Use: Scroll            |     3 |       ||     3
         Potion            |     1 |       ||     1
 Armour: Leather armour    |     6 |    15 ||    21
  Dodge: Dodged            |    23 |    15 ||    38

Table legend:
 A = Non-vault XP
 B = Vault XP
 C = Vault XP percentage of total XP
 D = Non-vault monster count
 E = Vault monster count
 F = Vault count percentage of total count
                 A         B        C        D         E       F
            +---------+---------+-------+---------+---------+-------
      Total |      89 |      14 |  13.6 |      37 |       8 |  17.8
            +---------+---------+-------+---------+---------+-------
        D:1 |      44 |       0 |   0.0 |      16 |       0 |   0.0
        D:2 |      39 |       0 |   0.0 |      19 |       0 |   0.0
        D:3 |       6 |      14 |  70.0 |       2 |       8 |  80.0
            +---------+---------+-------+---------+---------+-------
